Cogmind - Beta 14 @@@ ROGUE MODE // 2025.03.25 @ 17:53:46 Player: SelfCookedBird Result: Destroyed by G-47 Trooper with Particle Gun Performance ------------- Evolutions (2) 1000 Regions Visited (3) 600 Robots Destroyed (19) 95 Value Destroyed (499) 499 Prototype IDs (0) 0 Alien Tech Used (0) 0 Bonus (0) 0 TOTAL SCORE: 2194 Bonus ------- None Cogmind --------- Core Integrity 0/550 Matter 178/300 Energy 52/100 System Corruption 0% Temperature Cool (9) Movement Core (350) Ox6 Location -8/Materials Parts ------- > --- POWER (1) -------- (None) > --- PROPULSION (4) --- (None) > --- UTILITY (3) ------ Large Storage Unit Terrain Scan Processor > --- WEAPON (3) ------- (None) > --- INVENTORY (15) --- Aluminum Leg Improved Heat Sink Cooling System Small Storage Unit Small Matter Pod (0) Large Matter Pod (143) Structural Scanner Light Armor Plating Peak State ------------ > --- POWER ------------ Light Nuclear Core > --- PROPULSION ------- Improved Aluminum Leg Improved Aluminum Leg Improved Aluminum Leg Carbon-fiber Leg > --- UTILITY ---------- Large Storage Unit Terrain Scanner Terrain Scan Processor > --- WEAPON ----------- Heavy Assault Rifle Rocket Launcher > --- INVENTORY -------- Aluminum Leg Aluminum Leg Aluminum Leg Improved Heat Sink Cooling System Small Storage Unit Small Matter Pod Large Matter Pod Structural Scanner Reaction Control System Light Armor Plating Medium Laser [Rating: 21] Favorites ----------- Power Ion Engine Engine Ion Engine Power Core Light Nuclear Core Propulsion Aluminum Leg Leg Aluminum Leg Utility Terrain Scan Processor Device Terrain Scanner Storage Large Storage Unit Processor Terrain Scan Processor Weapon Light Assault Rifle Energy Gun Medium Laser Ballistic Gun Light Assault Rifle Launcher Rocket Launcher Special Weapon Mining Laser Build | -11 -10 -9 -8 ------- Run | Yrd Mat Mat Mat Slots Evolved 4 | . . 2 2 Power . | . . . . Propulsion 2 | . . 2 . Utility 1 | . . . 1 Weapon 1 | . . . 1 Parts Attached 39 | 6 15 9 9 Power 5 | 1 2 1 1 Engine 4 | 1 2 1 . Core 1 | . . . 1 Reactor . | . . . . Propulsion 14 | 2 4 4 4 Treads . | . . . . Leg 14 | 2 4 4 4 Wheel . | . . . . Hover . | . . . . Flight . | . . . . Utility 11 | 1 7 1 2 Device 2 | . . . 2 Storage 8 | 1 6 1 . Processor 1 | . 1 . . Hackware . | . . . . Protection . | . . . . Artifact . | . . . . Weapon 9 | 2 2 3 2 Energy Gun 3 | 1 . 1 1 Energy Cannon . | . . . . Ballistic Gun 4 | 1 1 1 1 Ballistic Cannon . | . . . . Launcher 1 | . . 1 . Special Weapon 1 | . 1 . . Impact Weapon . | . . . . Slashing Weapon . | . . . . Piercing Weapon . | . . . . Special Melee Weapon . | . . . . Unidentified Prototypes . | . . . . Parts Lost 20 | . 4 2 14 Power 4 | . 1 2 1 Propulsion 8 | . 1 . 7 Utility 2 | . . . 2 Weapon 6 | . 2 . 4 Highest Loss Streak 14 | . 2 1 14 To Critical Strikes . | . . . . Average Slot Usage (%) 92 | . 97 93 84 Engine 7 | . 13 5 . Leg 33 | . 27 44 33 Device 2 | . . . 8 Storage 14 | . 19 11 9 Processor 9 | . 8 11 9 Energy Gun 5 | . 10 3 . Ballistic Gun 13 | . 13 11 15 Launcher 4 | . . 6 7 Special Weapon 1 | . 3 . . Peak Build Rating 21 | 6 9 15 21 Average Rating 10 | 4 7 11 16 On Entrance 7 | . 6 8 14 Naked Turns . | . . . . Heaviest Build 31 | 13 31 30 29 Greatest Support 54 | 20 20 46 54 Greatest Overweight (x) 6 | . 3 . 6 Average Overweight (x) . | . . . . Largest Inventory Capacity 15 | 8 15 15 15 Average Capacity 11 | 6 8 14 15 Most Carried 12 | 8 9 12 12 Average Carried 8 | 3 7 8 10 Final Capacity 15 | 8 8 15 15 Final Carried 12 | 8 8 12 8 Class Distribution -------------------- 52% | Mutant 28% | Scavenger-Mutant 10% | Scavenger-Skirmisher 7% | Skirmisher Dominant Class ---------------- Mutant | -10/Materials Scavenger-Mutant | -9/Materials Scavenger-Skirmisher | -8/Materials Resources | -11 -10 -9 -8 ----------- Run | Yrd Mat Mat Mat Matter Collected 725 | 236 298 110 81 Remotely . | . . . . Salvage Created 512 | 51 200 152 109 Parts 32 | 2 10 9 11 Haulers Intercepted . | . . . . Recyclers Shooed . | . . . . Parts Field Recycled . | . . . . Retrieved Matter . | . . . . Parts Self-Destructed . | . . . . Prevented . | . . . . Kills | -11 -10 -9 -8 ------- Run | Yrd Mat Mat Mat Combat Hostiles Destroyed 11 | . 5 3 3 Guns 8 | . 4 2 2 AOE 2 | . . 1 1 Classes Destroyed 6 | 1 2 1 2 Worker 5 | . 1 1 3 Builder 2 | . . . 2 Recycler 1 | 1 . . . Grunt 8 | . 5 1 2 Duelist 1 | . . . 1 Sentry 2 | . . 2 . Best Kill Streak 7 | 1 2 1 7 Combat Bots Only 3 | . 2 1 3 Max Kills in Single Turn 2 | 1 1 1 2 Gunslinging . | . . . . Exploded 1 | . . 1 1 Melee . | . . . . Uniques/NPCs Destroyed . | . . . . Combat | -11 -10 -9 -8 -------- Run | Yrd Mat Mat Mat Hostile Shots Fired 288 | . 66 21 201 Missed 110 | . 19 10 81 Damage Taken 2367 | . 590 198 1579 Core 667 | . 84 29 554 Absorbed by Shields . | . . . . Core Remaining (%) 86 | 100 66 92 . Volleys Fired 82 | 10 42 15 15 Largest 3 | 1 2 2 3 Hottest 120 | 20 120 70 76 Shots Fired 129 | 10 62 30 27 Gun 118 | 10 61 26 21 Cannon . | . . . . Launcher 10 | . . 4 6 Special 1 | . 1 . . Kinetic 81 | 10 38 15 18 Thermal 38 | . 24 11 3 Explosive 10 | . . 4 6 Electromagnetic . | . . . . Robot Hit Streak 10 | 4 9 4 10 Robot Miss Streak 3 | 1 3 3 2 Penetration Max . | . . . . Secondary Targets . | . . . . Shots Hit Robots 81 | 8 42 14 17 Core Hits 43 | 3 14 8 18 Critical Kills . | . . . . Critical Parts Destroyed 1 | . 1 . . Critical Strikes 5 | . 3 1 1 Burn 4 | . 2 1 1 Destroy 1 | . 1 . . Melee Attacks . | . . . . Impact . | . . . . Slashing . | . . . . Piercing . | . . . . Sneak Attacks . | . . . . Combat Hostiles . | . . . . Follow-up Attacks . | . . . . Damage Inflicted 1911 | 64 419 312 1116 Guns 762 | 64 395 137 166 Cannons . | . . . . Explosions 1123 | . . 173 950 Melee . | . . . . Ramming 2 | . . 2 . Kinetic 488 | 64 223 60 141 Thermal 728 | . 196 77 455 Explosive 693 | . . 173 520 Electromagnetic . | . . . . Impact . | . . . . Slashing . | . . . . Piercing . | . . . . Highest Corruption . | . . . . Average Corruption . | . . . . Corruption Purged . | . . . . Corruption Blocked . | . . . . Overload Shots . | . . . . Overflow Damage 42 | . . 18 24 Projectiles . | . . . . Explosions 42 | . . 18 24 Melee . | . . . . Knockbacks . | . . . . Impact . | . . . . Kinetic . | . . . . Secondary . | . . . . Self-Inflicted Damage 83 | . . 28 55 Shots 3 | . . 1 2 Rammed . | . . . . Targets Rammed 1 | . . 1 . Kicked 1 | . . 1 . Crushed . | . . . . Highest Temperature 182 | . 182 28 56 Average Temperature 49 | . 66 14 15 Received Heat Transfer 1020 | . 336 36 648 Siege Activations . | . . . . Robots Corrupted . | . . . . Combat Hostiles . | . . . . Parts Fried . | . . . . Impact Corruptions . | . . . . Robots Melted 1 | . 1 . . Combat Hostiles 1 | . 1 . . Parts Melted 1 | . . 1 . Heat Transferred 1510 | . 716 296 498 Parts Sabotaged . | . . . . Parts Stolen . | . . . . Parts Stripped . | . . . . Power Chain Reactions . | . . . . Alert | -11 -10 -9 -8 ------- Run | Yrd Mat Mat Mat Peak Influence 242 | 5 93 209 242 Initial 87 | . 3 31 87 Average 65 | 4 25 116 108 Maximum Alert Level 1 | . . 1 1 Low Security (%) 95 | 100 100 91 91 Level 1 4 | . . 8 8 Level 2 . | . . . . Level 3 . | . . . . Level 4 . | . . . . Level 5 . | . . . . High Security . | . . . . Max Security . | . . . . Squads Dispatched 5 | . 1 1 3 Investigation 1 | . . . 1 Extermination . | . . . . Reinforcement 3 | . 1 1 1 Assault . | . . . . Garrison 1 | . . . 1 Intercept . | . . . . Searches Triggered . | . . . . Construction Impeded 1 | . . . 1 Haulers Reinforced . | . . . . Active Scanning Responses . | . . . . Cargo Convoy Interrupts . | . . . . Stealth | -11 -10 -9 -8 --------- Run | Yrd Mat Mat Mat Distress Signals 3 | . . 1 2 Communications Jammed . | . . . . Distress Signals . | . . . . Times Spotted 36 | . 14 5 17 Peak Tracking Total 13 | . 5 1 13 Tactical Retreats 3 | . 2 . 1 Traps | -11 -10 -9 -8 ------- Run | Yrd Mat Mat Mat Traps Triggered 2 | . 1 . 1 Indirectly . | . . . . Trap Hack Attempts . | . . . . Triggered . | . . . . Disarmed . | . . . . Reprogrammed . | . . . . Reused . | . . . . Traps Extracted . | . . . . Installed . | . . . . Triggered . | . . . . Machines | -11 -10 -9 -8 ---------- Run | Yrd Mat Mat Mat Machines Disabled 3 | . . 1 2 Max in Single Turn 2 | . . 1 2 Machines Repaired . | . . . . Machines Dismantled . | . . . . Machines Sabotaged . | . . . . Overloaded Fab Kills . | . . . . Hacking | -11 -10 -9 -8 --------- Run | Yrd Mat Mat Mat Machines Accessed 1 | . 1 . . Terminals 1 | . 1 . . Fabricators . | . . . . Repair Stations . | . . . . Recycling Units . | . . . . Scanalyzers . | . . . . Garrison Access . | . . . . Total Hacks 2 | . 2 . . Successful 1 | . 1 . . Failed 1 | . 1 . . Catastrophic . | . . . . Database Lockouts . | . . . . Manual 1 | . 1 . . Terminals 2 | . 2 . . Fabricators . | . . . . Repair Stations . | . . . . Recycling Units . | . . . . Scanalyzers . | . . . . Garrison Access . | . . . . Terminal Hacks 1 | . 1 . . Zone Layout 1 | . 1 . . Fabricator Hacks . | . . . . Repair Station Hacks . | . . . . Recycling Unit Hacks . | . . . . Scanalyzer . | . . . . Garrison Access Hacks . | . . . . Unauthorized Hacks . | . . . . Terminals . | . . . . Fabricators . | . . . . Repair Stations . | . . . . Recycling Units . | . . . . Scanalyzers . | . . . . Garrison Access . | . . . . Data Cores Recovered . | . . . . Used . | . . . . Hacking Detections . | . . . . Full Trace Events . | . . . . Feedback Events . | . . . . Feedback Blocked . | . . . . Robot Schematics Acquired . | . . . . Robots Built . | . . . . Authchips . | . . . . Time . | . . . . Total Robot Build Rating . | . . . . Part Schematics Acquired . | . . . . Parts Built . | . . . . Authchips . | . . . . Time . | . . . . Total Part Build Rating . | . . . . Parts Repaired . | . . . . Time . | . . . . Parts Recycled . | . . . . Recycled Matter . | . . . . Retrieved Matter . | . . . . Retrieved Components . | . . . . Parts Scanalyzed . | . . . . Part Schematics Acquired . | . . . . Parts Damaged . | . . . . Bothacking | -11 -10 -9 -8 ------------ Run | Yrd Mat Mat Mat Used RIF Installer . | . . . . Robots Hacked . | . . . . Non-combat . | . . . . Combat . | . . . . Robot Hacks Applied . | . . . . Relay Couplers Released . | . . . . Fabnet Peak Effective % . | . . . . Robots Rewired . | . . . . Allies Hacked . | . . . . Hacks Repelled . | . . . . Allies | -11 -10 -9 -8 -------- Run | Yrd Mat Mat Mat Total Allies . | . . . . Largest Group . | . . . . Highest-Rated Group . | . . . . Highest-Rated Ally . | . . . . Total Orders . | . . . . Ally Attacks . | . . . . Total Damage . | . . . . Kills . | . . . . Allies Corrupted . | . . . . Allies Melted . | . . . . Intel | -11 -10 -9 -8 ------- Run | Yrd Mat Mat Mat Robot Analysis Total . | . . . . Derelict Logs Recovered . | . . . . Drone Launches . | . . . . Drone Recoveries . | . . . . Exploration | -11 -10 -9 -8 ------------- Run | Yrd Mat Mat Mat Turns Passed 1353 | 141 555 346 311 Spaces Moved 753 | 91 336 199 127 Core 6 | 4 1 . 1 Treads . | . . . . Legs 747 | 87 335 199 126 Wheels . | . . . . Hover . | . . . . Flight . | . . . . Fastest Speed 50 | 50 120 120 120 Average Speed 122 | 116 125 120 122 Slowest Speed 350 | 120 200 120 350 Overloaded Moves . | . . . . Propulsion Burnouts . | . . . . Robots Hopped . | . . . . Cave-ins Triggered . | . . . . Exploration Rate (%) 19 | 5 36 20 16 Regions Visited 3 Branch Regions . Pre-discovered Areas . | . . . . Known Exits Taken . | . . . . Unknown Exits Taken 3 | 1 1 1 . Scrap Searched . | . . . . Spaces Dug . | . . . . Terrain Destroyed 63 | . . 26 37 Melee . | . . . . Projectile . | . . . . AOE 63 | . . 26 37 Terrain Rammed . | . . . . Walls Destroyed . | . . . . Machines Disabled . | . . . . Actions | -11 -10 -9 -8 --------- Run | Yrd Mat Mat Mat Total 1064 | 114 416 275 259 Wait 155 | . . 48 107 Move 750 | 90 335 198 127 Hop . | . . . . Pick Up 24 | 8 11 4 1 Fast Attach 14 | 6 5 1 2 Attach 13 | . 4 3 6 Detach 2 | . 2 . . Swap 12 | . 6 5 1 Drop 11 | . 11 . . Fire 82 | 10 42 15 15 Melee . | . . . . Ram . | . . . . Kick 1 | . . 1 . Crush . | . . . . Escape Stasis . | . . . . Rewire . | . . . . Trap . | . . . . Miscellaneous . | . . . . Route ------- -11/Scrapyard -10/Materials -9/Materials -8/Materials History --------- Turn | Location | Event 6 | -11/Scrapyard | Discovered new exit (range 15) 142 | -11/Scrapyard | Entered Materials 350 | -10/Materials | Build established: Mutant 677 | -10/Materials | Discovered new exit (range 15) 697 | -10/Materials | Entered another Materials area 697 | -9/Materials | Evolved 2 slots: Propulsion x2 1038 | -9/Materials | Discovered new exit (range 3) 1043 | -9/Materials | Entered another Materials area 1043 | -8/Materials | Evolved 2 slots: Utility x1, Weapon x1 1296 | -8/Materials | Garrison activated, responded to threat 1347 | -8/Materials | Core integrity fell below 50% 1352 | -8/Materials | Core integrity fell below 20% 1354 | -8/Materials | Destroyed by G-47 Trooper with Particle Gun Last Messages --------------- 01343_ U-05 Engineer lays Concrete. 01344_ Reaction Control System destroyed. 01344_ K-01 Serf collects debris. 01344_ U-05 Engineer lays Concrete. 01345_ G-47 Trooper suffers critical hit (Burn). 01345_ Imp. Aluminum Leg destroyed. 01346_ The unstable cave ceiling collapses. 01346_ U-05 Engineer lays Concrete. 01346_ Critical hit (Burn: +37). 01346_ U-05 Engineer lays Concrete. 01347_ Med. Laser destroyed. 01347_ U-05 Engineer lays Concrete. 01347_ K-01 Serf collects debris. 01348_ U-05 Engineer lays Concrete. 01349_ K-01 Serf destroyed. 01349_ U-05 Engineer lays Concrete. 01350_ K-01 Serf collects debris. 01351_ U-05 Engineer lays Concrete. 01353_ K-01 Serf collects debris. 01354_ U-05 Engineer lays Concrete. Map ----- +----------------------------------------------------+ | ?????????????????????????????????????????????????? | | ?????????????????????????????????????????????????? | | ?????????????????????????????????????????????????? | | ?????????????????????????????????????????????????? | | ?????????????????????????????????????????????????? | | ?????????????????????????????????????????????????? | | ?????????????????????????????????????????????????? | | ?????????????????????????????????????????????????? | | ?????????????????????? ?????????????????? | | ?????????????????????# ????????????????? | | ?????????????????????# #####????????????? | | ?????????????????????# r !! # ????????????? | | ?????????????????????# !! "????????????? | | ?????????????????????# g # ""???????????? | | ????????????????????## = g ] "?"??????????? | | ?????????????????##### % # ????????????? | | ?????????????????# s s ?""??????????? | | ???????????????? # w ? ??? ?????????? | | ??????????????? # u u #? ?????????????? | | ?????????????????# s # ? ? ????#??????? | | ?????????????????# k ####???#?????????? | | ?????????????????# ##???????????????? | | ??????? ########## ##??#????????????? | | ?????? #????#?#?????????? | | ?????? % ##??##???????????? | | ?????? u @% g #?#?##??#???????? | | ?????? %=%ggY #??#??#?????????? | | ?????? gg #?#??#?#??#?????? | | ??????? ###########T## " Y ###?####?#??#????? | | ??????????????????#####"T ## ###?#?#??????#??? | | ??????????????????#?######## ##??#####?????#?? | | ????????????????###???###### #######?#??#????? | | ??????????????????##??###### ######?##?##??#?# | | ????????????????#####?#?#### ##?####?##??##??? | | ????????????????#????####### ##?######?#?#???? | | ?????????????????########### #############??#? | | ??????????????????# ## #????? | | ????????????????? # ! ! ## "" """ #???#? | | ???????????????"??# # ### "G """ #?##?? | | ??????????????"""?# """ """ + + "" """ #?###? | | ????????????? ""? # """ """ # ### ###?## | | ??????????????"""?# """ """ # ### ####?? | | ????????????????? # """ """ # ### ##??## | | ???????????????#??# # ### = ###?#? | | ???????????????#?############ #######+#####?#?#? | | ???????????????#?###?######## ###?#?# | | ??????????????????########??# ###?##? | | ????????????????#?########### #?##?#? | | ????????????????????############+############?###? | | ?????????????????#??#?###?### ##?###?#???#? | +----------------------------------------------------+ Best States ------------- Heat Dissipation 31 Energy Generation 14 Energy Capacity 250 Matter Stores 300 Matter Capacity 450 Sight Range 16 Terrain Scan Range 14 Terrain Scan Density 85 Evasion (%) 58 Item Schematics ----------------- None Robot Schematics ------------------ None Fabricated ------------ Nothing Alien Tech Used ----------------- None Achievements -------------- It's Just You Troublemaker Challenges ------------ None Game ------ Seed BlastPhysicsBeacon Manual? 0 Play Time 00:20:07 Cumulative 4.6 hours Start 2025.03.25 @ 17:32:39 End 2025.03.25 @ 17:53:46 Sessions 1 Manual Loads 0 Difficulty Rogue Special Mode None Game No. 6 Rogue 6 Adventurer 0 Explorer 0 Win Type - Total 0 Types 0/0/0/0/0/0/0/0/0 Lore% 3 Gallery% 6 Achievement% 7 Wizard Run 0 Options --------- Layout 0 ASCII 1 Keyboard 1 Movement Vi Keybinds 0 Fullscreen 2 Font 24/Smallcaps Map View 76x50 Zoom Use 0% Tactical HUD 1 Map Filters NONE Filters NONE Steam 1 RUN: 512f7b26-368c-40f8-846f-e26e0034857a